 Dungeon Crawl Stone Soup version 0.31-a0-1225-g50297eb6a4 (webtiles) character file.

Game seed: 6941190305030690828

3673 kae the Severer (level 10, -3/91 HPs)
             Began as a Hill Orc Fighter on Dec 14, 2023.
             Was a Follower of Qazlal.
             Slain by a two-headed ogre
             ... wielding a +0 giant spiked club
              (20 damage)
             ... on level 8 of the Dungeon.
             The game lasted 00:07:03 (7056 turns).

kae the Severer (Hill Orc Fighter)                  Turns: 7056, Time: 00:07:04

Health: -3/91      AC: 10    Str: 30    XL:     10   Next: 13%
Magic:  10/11      EV:  9    Int:  8    God:    Qazlal [*.....]
Gold:   355        SH: 13    Dex: 10    Spells: 9/9 levels left

rFire   + . .        a - +0 war axe (chaos)
rCold   + . .        c - +2 buckler
rNeg    + . .        b - +0 scale mail
rPois   .            (no helmet)
rElec   .            p - scarf {rC+ rF+}
rCorr   .            q - +2 pair of gloves
SInv    .            (no boots)
Will    .....        e - amulet of reflection Stlth
                     S - +6 ring of strength
HPRegen 0.35/turn    N - ring of positive energy
MPRegen 0.12/turn

%: reflection
@: no status effects
A: no striking features
a: Renounce Religion


You were on level 8 of the Dungeon.
You worshipped Qazlal.
Qazlal was aware of your devotion.
You visited 2 branches of the dungeon, and saw 9 of its levels.
You also visited: Ossuary.

You collected 355 gold pieces.


   Skills:
 - Level 9.0 Fighting
 - Level 16.0 Axes
 - Level 3.2 Armour
 - Level 3.2 Shields
 + Level 1.4 Invocations


You had 9 spell levels left.
You didn't know any spells.
Your spell library contained the following spells:

 Spells                   Type           Power      Damage    Failure   Level
 Tukima's Dance           Hex            0%         N/A       97%         3
 Passage of Golubria      Tloc           0%         N/A       100%        4
 Yara's Violent Unravell  Hex/Tmut       0%         3d3       100%        5

Inventory:

Hand Weapons
 a - a +0 war axe of chaos (weapon)
Missiles
 g - 25 poisoned darts
 l - 68 stones
 u - a curare-tipped dart {=f}
 v - 14 boomerangs
Armour
 b - a +0 scale mail (worn)
 c - a +2 buckler (worn)
 p - a scarf of resistance (worn)
   (You found it on level 4 of the Dungeon)
 q - a +2 pair of gloves (worn)
   (You found it on level 4 of the Dungeon)
Jewellery
 e - an amulet of reflection (around neck)
   (You found it on level 5 of the Dungeon)
 F - a ring of protection from fire
   (You found it on level 6 of the Dungeon)
 N - a ring of positive energy (right hand)
   (You found it on level 3 of the Dungeon)
 S - a +6 ring of strength (left hand)
   (You found it on level 1 of the Dungeon)
 T - an amulet of faith {!P}
   (You found it on level 3 of the Dungeon)
Wands
 t - a wand of flame (17)
   (You found it on level 5 of the Dungeon)
Scrolls
 f - a scroll of teleportation {@r4}
 h - 2 scrolls of fear
 i - a scroll of brand weapon
 x - 2 scrolls of vulnerability {!r!r}
 y - a scroll of blinking {!r}
 B - a scroll of immolation {!r!r}
 E - a scroll of revelation
Potions
 d - a potion of might
 j - 4 potions of degeneration {!q}
 k - 2 potions of magic
 m - 5 potions of attraction {unknown}
 n - 3 potions of haste {unknown}
 o - a potion of heal wounds {@q2}
 r - a potion of invisibility
 s - 2 potions of resistance
 w - 2 potions of berserk rage {!q}
 z - 3 potions of lignification {unknown}
 A - a potion of ambrosia
 C - a potion of enlightenment
 D - 3 potions of mutation {unknown}

Dungeon Overview and Level Annotations

Branches:
Dungeon (8/15) Zot: 26976  Temple (1/1) D:5 Zot: 5998 Ossuary (visited)
   Lair: D:8-11

Altars:
Ashenzari
Cheibriados
Dithmenos
Elyvilon
Fedhas
Gozag
Hepliaklqana
Kikubaaqudgha
Makhleb
Nemelex Xobeh
Okawaru
Qazlal
Ru
Sif Muna
Trog
Uskayaw
Vehumet
Wu Jian
Xom
Yredelemnul
Zin
The Shining One

Annotations:
D:2 1 runed translucent door, Crazy Yiuf

#.# . #.# .. #.#
... #.# .... #.#
.....##.####
........☼..#
.....[O@.#.#####
.......))#.....#
.........#.....#
##.......#.....#
#.......#.....###
#.......#......<#
#.......#########
#########


You could see a two-headed ogre (resistant).


Message History

No target in view!
You see here a +0 dagger.
Key pressed, stopping explore.
No target in view!
No target in view!
G - 3 scrolls of identify {@r1} (gained 1)
There is a stone staircase leading down here.
Done exploring.
No target in view!
No target in view!
Done exploring.
Done exploring.
No target in view!
No target in view!
No target in view!
No target in view!
Done exploring.
As you read the scroll of identify {@r1}, it crumbles to dust.
A - a potion of ambrosia
As you read the scroll of identify {@r1}, it crumbles to dust.
k - 2 potions of magic
As you read the scroll of identify {@r1}, it crumbles to dust.
w - 2 potions of berserk rage
Okay, then.
Done exploring.
Unknown command.
Done exploring.
Done exploring.
There is a stone staircase leading down here.
You climb downwards.
There is a stone staircase leading up here.
An orc warrior comes into view. It is wielding a +0 mace.
The orc warrior shouts!
The orc warrior moves out of view.
No target in view!
No target in view!
An orc warrior, an orc priest and an orc come into view.
The orc priest shouts!
The orc shouts!
A two-headed ogre comes into view.
It is wielding a +0 giant spiked club and a +0 giant club.
You slash the orc warrior!
The acid corrodes the orc warrior!
You slash the orc! You freeze the orc.
You kill the orc!
Qazlal accepts your kill.
The orc priest shouts, "Beogh is our master!
Accept the truth or die!"
There are monsters nearby!
There are monsters nearby!
You barely miss the orc warrior. You block the orc warrior's attack.
You hit the orc warrior.
The orc warrior is poisoned.
You block the orc warrior's attack.
There are monsters nearby!
You hit the orc warrior but do no damage.
You slash the orc priest! You freeze the orc priest.
You kill the orc priest!
Qazlal accepts your kill.
You slice the orc warrior!!
You kill the orc warrior!
Qazlal accepts your kill.
Training target 9.0 for Fighting reached!
Your Fighting skill increases to level 9!
Your Invocations skill increases to level 1! 😎 HP[+1]
You now have 91 max hp (+1).
Your hp is fully restored (91).
The two-headed ogre hits you with a +0 giant spiked club!!
You block the two-headed ogre's attack.
You completely miss the two-headed ogre. 😕 HP[-18]
You take 18 damage, and now have 73/91 hp.
You barely miss the two-headed ogre.
You block the two-headed ogre's attack. x2
You slash the two-headed ogre! You freeze the two-headed ogre.
You hit the two-headed ogre but do no damage.
The two-headed ogre suddenly seems more resistant.
You block the two-headed ogre's attack.
The two-headed ogre hits you with a +0 giant club!
You are too injured to fight recklessly! 😮 HP[-15]
You take 15 damage, and now have 58/91 hp.
Unknown command.
You hit the two-headed ogre but do no damage. 😮 HP[+1] Unknown command.
You barely miss the two-headed ogre. You block the two-headed ogre's attack.
The two-headed ogre hits you with a +0 giant club!!
* * * LOW HITPOINT WARNING * * *
Unknown command. 😨 HP[-22]
You take 22 damage, and now have 37/91 hp.
MASSIVE DAMAGE!! (PAUSE)
You barely miss the two-headed ogre.
You hit the two-headed ogre but do no damage.
You block the two-headed ogre's attack.
The two-headed ogre hits you with a +0 giant club!!
* * * LOW HITPOINT WARNING * * *
😱 HP[-21]
You take 21 damage, and now have 16/91 hp.
MASSIVE DAMAGE!! (PAUSE)
You barely miss the two-headed ogre. 😱 HP[+1]
You barely miss the two-headed ogre. The two-headed ogre misses you.
The two-headed ogre hits you with a +0 giant club!!
You die...

Skill      XL: |  1  2  3  4  5  6  7  8  9 10 |
---------------+-------------------------------+-----
Axes           | 3 4 5 6 8 9 11 14 16 | 16.0
Fighting       | 8 9 |  9.0
Invocations    | 1 |  1.4
Armour         | |  3.2
Shields        | |  3.2

Action                     |  1- 3 |  4- 6 |  7- 9 | 10-12 || total
---------------------------+-------+-------+-------+-------++-------
  Melee: War axe           |   105 |   101 |   285 |    25 ||   516
  Evoke: Wand              |       |     1 |       |       ||     1
    Use: Scroll            |     5 |     6 |     6 |     3 ||    20
   Stab: Petrifying        |       |       |     1 |       ||     1
         Paralysed         |       |       |     1 |       ||     1
 Armour: Scale mail        |    66 |    72 |   129 |     6 ||   273
  Dodge: Dodged            |    45 |    47 |    62 |     2 ||   156
  Block: Buckler           |    25 |    26 |   102 |    11 ||   164
         Reflection        |       |       |     4 |       ||     4

Levels and vault maps discovered:
D:1:      dpeg_arrival_pits, layout_basic
D:2:      layout_loops_corners, nrook_mini_backslash, uniq_crazy_yiuf_cottage
D:3:      layout_rooms, glass_columns_c, nicolae_twisty_statue_hallways
D:4:      layout_loops_ring
D:5:      layout_basic, nicolae_overflow_hidden_temple,
          minmay_temple_entry_junction_2,
          mainiacjoe_ossuary_entry_find_the_door, minmay_fountain_box,
          kennysheep_generic_room_13
D:6:      layout_loops_ring, lightli_orcish_oven, uniq_maggie, uniq_edmund
D:7:      layout_rooms, hangedman_misty_isle
D:8:      layout_basic, serial_corexii_hall, corexii_hall_statues_t,
          corexii_hall_statues_t, special_room [special_room_orc]
Temple:   hc_temple_tempest_star

Notes
Turn   | Place    | Note
-------+----------+-------------------------------------------
     0 | D:1      | kae the Hill Orc Fighter began the quest for the Orb.
     0 | D:1      | Reached XP level 1. HP: 19/19 MP: 1/1
     0 | D:1      | magus.rc [v1.11.3]
    29 | D:1      | Reached skill level 3 in Axes
   224 | D:1      | Reached XP level 2. HP: 26/26 MP: 2/2
   342 | D:1      | Reached skill level 4 in Axes
   764 | D:1      | Reached XP level 3. HP: 31/31 MP: 3/3
  1384 | D:2      | Reached skill level 5 in Axes
  1756 | D:2      | Reached XP level 4. HP: 39/39 MP: 4/4
  1883 | D:2      | Found a runed translucent door.
  1884 | D:2      | Noticed Crazy Yiuf
  2185 | D:2      | Reached skill level 6 in Axes
  2900 | D:4      | Reached XP level 5. HP: 34/45 MP: 5/5
  2970 | D:4      | Reached skill level 7 in Axes
  3297 | D:4      | Reached skill level 8 in Axes
  3297 | D:4      | Reached XP level 6. HP: 41/51 MP: 6/6
  3723 | D:5      | Entered Level 5 of the Dungeon
  3735 | D:5      | You add the spells Tukima's Dance, Passage of Golubria and
                  | Yara's Violent Unravelling to your library.
  3835 | D:5      | Found a staircase to the Ecumenical Temple.
  3845 | Temple   | Entered the Ecumenical Temple
  3998 | D:5      | Noticed a water moccasin
  4002 | D:5      | Killed a water moccasin
  4003 | D:5      | Reached skill level 9 in Axes
  4031 | D:5      | Found a stormy altar of Qazlal.
  4146 | D:5      | Reached XP level 7. HP: 54/57 MP: 7/7
  4169 | D:5      | Found a sand-covered staircase.
  4176 | Ossuary  | Entered an ossuary
  4226 | Ossuary  | Reached skill level 10 in Axes
  4349 | Ossuary  | Reached skill level 11 in Axes
  4553 | D:5      | Reached XP level 8. HP: 64/64 MP: 8/8
  4796 | D:5      | Found a white marble altar of Elyvilon.
  5101 | D:6      | Reached skill level 12 in Axes
  5219 | D:6      | Reached skill level 13 in Axes
  5472 | D:6      | Reached skill level 14 in Axes
  5540 | D:5      | Found a hide-covered altar of Uskayaw.
  5540 | D:5      | Found a glowing golden altar of the Shining One.
  5549 | D:5      | Became a worshipper of Qazlal Stormbringer
  5661 | D:6      | Reached XP level 9. HP: 70/70 MP: 9/9
  5746 | D:6      | Noticed Edmund
  5758 | D:6      | Killed Edmund
  5847 | D:6      | Noticed Maggie
  5855 | D:6      | Killed Maggie
  5856 | D:6      | Reached skill level 15 in Axes
  6331 | D:7      | Reached skill level 16 in Axes
  6333 | D:7      | Reached skill level 4 in Fighting
  6347 | D:7      | Reached skill level 5 in Fighting
  6442 | D:7      | Reached * piety under Qazlal
  6489 | D:7      | Reached skill level 6 in Fighting
  6630 | D:7      | Noticed a hornet
  6636 | D:7      | a hornet changed into an acid dragon
  6643 | D:7      | Reached skill level 7 in Fighting
  6792 | D:7      | Reached skill level 8 in Fighting
  6792 | D:7      | Reached XP level 10. HP: 83/88 MP: 10/10
  7040 | D:8      | Noticed a two-headed ogre
  7046 | D:8      | Reached skill level 9 in Fighting
  7046 | D:8      | Reached skill level 1 in Invocations
  7054 | D:8      | HP: 16/91 [two-headed ogre/+0 giant spiked club (21)]
  7056 | D:8      | Slain by a two-headed ogre

Vanquished Creatures
  Maggie (D:6)
  3 steam dragons (D:7)
  An acid dragon (D:7)
  Edmund (D:6)
  2 water moccasins
  An orc warrior (D:8)
  4 sky beasts
  A black bear (D:6)
  2 ice beasts
  An ogre (D:6)
  4 phantoms
  A kobold brigand (D:7)
  2 elf zombies (Ossuary)
  A bullfrog (D:7)
  4 scorpions
  5 wights (D:7)
  4 hounds
  A human zombie (Ossuary)
  3 orc priests
  2 jellies
  A gnoll bouda (D:7)
  A sleepcap (D:7)
  2 iguanas (D:4)
  3 orc wizards
  A hound zombie (D:5)
  A hound skeleton (D:5)
  2 mummies (Ossuary)
  6 adders
  3 gnolls (D:7)
  A howler monkey skeleton (D:5)
  3 shadow imps
  A white imp (D:7)
  4 ufetubi
  An adder skeleton (D:5)
  2 adder zombies (Ossuary)
  A worm (D:3)
  14 orcs
  11 endoplasms
  A giant cockroach (D:2)
  5 goblins
  6 hobgoblins
  2 quokkas (D:1)
  8 ball pythons
  7 bats
  4 frilled lizards
  2 goblin zombies (Ossuary)
  6 hobgoblin zombies (Ossuary)
  A jackal zombie (Ossuary)
  13 kobolds
  12 kobold zombies (Ossuary)
  9 orc zombies (Ossuary)
  6 rats
  A rat zombie (Ossuary)
185 creatures vanquished.

Vanquished Creatures (collateral kills)
  A dart slug (D:4)
1 creature vanquished.

Grand Total: 186 creatures vanquished

Table legend:
 A = Non-vault XP
 B = Vault XP
 C = Vault XP percentage of total XP
 D = Non-vault monster count
 E = Vault monster count
 F = Vault count percentage of total count
                 A         B        C        D         E       F
            +---------+---------+-------+---------+---------+-------
      Total |    3631 |    1617 |  30.8 |     131 |      55 |  29.6
            +---------+---------+-------+---------+---------+-------
        D:1 |      46 |       0 |   0.0 |      30 |       0 |   0.0
        D:2 |      66 |       0 |   0.0 |      20 |       0 |   0.0
        D:3 |      34 |       0 |   0.0 |      10 |       0 |   0.0
        D:4 |     226 |       0 |   0.0 |      10 |       0 |   0.0
        D:5 |     548 |      57 |   9.4 |       8 |       4 |  33.3
        D:6 |    1222 |     554 |  31.2 |      22 |       7 |  24.1
        D:7 |    1308 |     699 |  34.8 |      28 |       6 |  17.6
        D:8 |     181 |       0 |   0.0 |       3 |       0 |   0.0
    Ossuary |       0 |     307 | 100.0 |       0 |      38 | 100.0
            +---------+---------+-------+---------+---------+-------

Skill      XL: |  1  2  3  4  5  6  7  8  9 10 |
---------------+-------------------------------+-----
Axes           | 3 4 5 6 8 9 11 14 16 | 16.0
Fighting       | 8 9 |  9.0
Invocations    | 1 |  1.4
Armour         | |  3.2
Shields        | |  3.2

Action                     |  1- 3 |  4- 6 |  7- 9 | 10-12 || total
---------------------------+-------+-------+-------+-------++-------
  Melee: War axe           |   105 |   101 |   285 |    25 ||   516
  Evoke: Wand              |       |     1 |       |       ||     1
    Use: Scroll            |     5 |     6 |     6 |     3 ||    20
   Stab: Petrifying        |       |       |     1 |       ||     1
         Paralysed         |       |       |     1 |       ||     1
 Armour: Scale mail        |    66 |    72 |   129 |     6 ||   273
  Dodge: Dodged            |    45 |    47 |    62 |     2 ||   156
  Block: Buckler           |    25 |    26 |   102 |    11 ||   164
         Reflection        |       |       |     4 |       ||     4

Illustrated notes

Table legend:
 A = Kills in this place as a percentage of kills in the entire game.
 B = Kills by you in this place as a percentage of kills by you in the entire game.
 C = Kills by friends in this place as a percentage of kills by friends in the entire game.
 D = Other kills in this place as a percentage of other kills in the entire game.
 E = Experience gained in this place as a percentage of experience gained in the entire game.
 F = Experience gained in this place divided by the number of levels of this place that you have seen.
                   A       B       C       D       E      F
               +-------+-------+-------+-------+-------+----------------------
         Total | 100.0 | 100.0 | 100.0 |   N/A | 100.0 | 524.8
       Dungeon |  79.6 |  79.5 | 100.0 |   N/A |  94.2 | 617.6
       Ossuary |  20.4 |  20.5 |   0.0 |   N/A |   5.8 | 307.0
               +-------+-------+-------+-------+-------+----------------------

Table legend: (Time is in decaauts)
 A = Elapsed time spent in this place.
 B = Non-inter-level travel time spent in this place.
 C = Inter-level travel time spent in this place.
 D = Time resting spent in this place.
 E = Time spent auto-exploring this place.
 F = Levels seen in this place.
 G = Mean time per level.
                   A        B        C        D        E       F      G
               +--------+--------+--------+--------+--------+-----+--------+
         Total |   7068 |   6819 |    249 |    157 |   5325 |  10 |  706.8 |
       Dungeon |   6748 |   6499 |    249 |    115 |   5195 |   8 |  843.5 |
        Temple |      1 |      1 |      0 |      0 |      0 |   1 |    1.0 |
       Ossuary |    318 |    318 |      0 |     42 |    130 |   1 |  318.0 |
               +--------+--------+--------+--------+--------+-----+--------+

Top non-repeatable levels by time:
     D:1: 1317 daAuts
     D:2: 1162 daAuts
     D:5: 1070 daAuts
     D:6: 1037 daAuts
     D:7: 845 daAuts
     D:4: 840 daAuts
     D:3: 450 daAuts
 Ossuary: 318 daAuts
     D:8: 22 daAuts
  Temple: 1 daAuts
